 Dungeon Crawl Stone Soup version 0.23.0-33-g5e6c059 (webtiles) character file.

Game seed: 15970201441810107946

259244 Vizamar the Eclecticist (level 19, -3/98 HPs)
             Began as a Gargoyle Earth Elementalist on Feb 22, 2019.
             Was the Champion of Vehumet.
             Killed from afar by Jory (34 damage)
             ... with a crystal spear
             ... on level 2 of the Vaults on Feb 26, 2019.
             The game lasted 06:08:11 (58834 turns).

Vizamar the Eclecticist (GrEE)                     Turns: 58834, Time: 06:08:12

Health: -3/98      AC: 25    Str: 12    XL:     19   Next: 89%
Magic:  7/49       EV: 18    Int: 33    God:    Vehumet [******]
Gold:   475        SH:  7    Dex: 12    Spells: 14/53 levels left

rFire    + . .     SeeInvis +   a - +2 flail (protect)
rCold    . . .     Gourm    .   n - +2 buckler {rF+}
rNeg     + + .     Faith    .   p - +1 robe of Midnight {+Blink +Inv SInv Stlth-}
rPois    ∞         Spirit   .   u - +0 helmet {Int+3}
rElec    +         Reflect  .   N - +1 cloak "Olemesh" {+Inv Int+3}
rCorr    +         Harm     .   E - +1 pair of gloves
MR       +....                  x - +2 pair of boots "Umonlofu" {rN+ rCorr Dex+2}
Stlth    ++........             D - amulet of magic regeneration
HPRegen  0.26/turn              o - ring of magical power
MPRegen  0.56/turn              f - +3 ring of intelligence

@: slowed, very slow
A: big wings, negative energy resistance 1, electricity resistance, unbreathing,
petrification resistance, rot immunity, AC +14
}: 2/15 runes: decaying, gossamer
a: Fly, Renounce Religion, Evoke Blink, Evoke Invisibility


You were on level 2 of the Vaults.
You worshipped Vehumet.
Vehumet was exalted by your worship.
You were not hungry.

You visited 9 branches of the dungeon, and saw 38 of its levels.
You visited 1 bazaar.

You collected 3608 gold pieces.
You spent 3133 gold pieces at shops.

Inventory:

Hand Weapons
 a - a +2 flail of protection (weapon)
 z - a +0 arbalest
Armour
 j - a +2 hat of magic resistance
 n - a +2 buckler of fire resistance (worn)
 p - the +1 robe of Midnight (worn) {+Blink +Inv SInv Stlth-}
   (You took it off Robin on level 4 of the Dungeon)

   It lets you see invisible.
   It lets you turn invisible.
   It lets you blink.
   It makes you less stealthy.
 u - a +0 helmet of intelligence (worn)
 x - the +2 pair of boots "Umonlofu" (worn) {rN+ rCorr Dex+2}
   (You found it on level 2 of the Vaults)

   It affects your dexterity (+2).
   It protects you from negative energy.
   It provides partial protection from all sources of acid and corrosion.
 E - a +1 pair of gloves (worn)
 N - the +1 cloak "Olemesh" (worn) {+Inv Int+3}
   (You found it on level 1 of the Lair of Beasts)

   It affects your intelligence (+3).
   It lets you turn invisible.
Magical Staves
 C - an uncursed staff of power
Jewellery
 e - an uncursed ring of protection from fire
 f - a +3 ring of intelligence (right hand)
 o - a ring of magical power (left hand)
 q - an uncursed ring of stealth
 y - an uncursed ring of protection from magic
 A - an uncursed ring of protection from fire
 D - an amulet of magic regeneration (around neck)
 T - the ring of Entrepreneurial Spirit {rC+ AC+2}
   (You found it on level 6 of the Lair of Beasts)

   [ring of protection]

   It affects your AC (+2).
   It protects you from cold.
 U - an uncursed ring of ice
 W - an uncursed ring of magical power
Wands
 h - a wand of digging (19)
 B - a wand of scattershot (6)
 G - a wand of iceblast (22)
 H - a wand of disintegration (34)
 I - a wand of paralysis (13)
 K - a wand of acid (16)
 R - a wand of polymorph (20)
Scrolls
 b - 5 scrolls of magic mapping
 i - 3 scrolls of identify
 l - 5 scrolls of enchant armour
 s - a scroll of blinking
 w - 10 scrolls of remove curse
 L - 2 scrolls of enchant weapon
 M - a scroll of summoning
 P - a scroll of vulnerability
 Q - a scroll of fog
 V - 2 scrolls of fear
 X - 5 scrolls of amnesia
 Y - 3 scrolls of teleportation
 Z - 3 scrolls of brand weapon
Potions
 c - 4 potions of agility
 k - 4 potions of curing
 m - 5 potions of cancellation
 r - 6 potions of berserk rage
 t - 9 potions of ambrosia
 v - 3 potions of haste
 J - a potion of heal wounds
 S - 4 potions of brilliance
Miscellaneous
 F - a lightning rod (4/4)
Comestibles
 d - 13 rations


   Skills:
 + Level 3.8 Fighting
   Level 0.5(3.5) Axes
 + Level 6.3 Maces & Flails
 * Level 10.9 Dodging
 + Level 4.7 Stealth
 + Level 6.6 Shields
 - Level 3.0 Unarmed Combat
 * Level 17.7 Spellcasting
 * Level 16.0 Conjurations
 + Level 5.0 Hexes
 + Level 5.2 Summonings
 * Level 5.4 Translocations
   Level 0.7 Transmutations
 + Level 9.0 Fire Magic
 + Level 4.3 Air Magic
 + Level 15.2 Earth Magic
 + Level 3.6 Poison Magic
 + Level 0.4 Evocations


You had 14 spell levels left.
You knew the following spells:

 Your Spells              Type           Power        Failure   Level  Hunger
a - Cause Fear            Hex            ######....   1%          4    None
b - Stone Arrow           Conj/Erth      ######       0%          3    None
c - Blink                 Tloc           N/A          1%          2    None
d - Mephitic Cloud        Conj/Pois/Air  ######..     1%          3    None
e - Call Imp              Summ           ######..     1%          2    None
f - Conjure Flame         Conj/Fire      #######.     0%          3    None
g - Bolt of Magma         Conj/Fire/Erth #######...   1%          5    None
h - Sticky Flame          Conj/Fire      #######.     1%          4    None
i - Iron Shot             Conj/Erth      #######...   1%          6    None
j - Orb of Destruction    Conj           #######...   1%          7    ###....

Your spell library contained the following spells:

 Spells                   Type           Power        Failure   Level  Hunger
 Chain Lightning          Conj/Air       #######...   32%         8    #####..
 Shatter                  Erth           #######...   52%         9    ######.
 Glaciate                 Conj/Ice       ######....   100%        9    ######.
 Flame Tongue             Conj/Fire      #####        0%          1    None
 Magic Dart               Conj           ####         0%          1    None
 Sandblast                Erth           ######       0%          1    None
 Searing Ray              Conj           ######       0%          2    None
 Throw Flame              Conj/Fire      ######       0%          2    None
 Iskenderun's Mystic Bla  Conj           #######.     0%          4    None
 Freeze                   Ice            ####         1%          1    None
 Summon Small Mammal      Summ           ####         1%          1    None
 Passwall                 Tmut/Erth      ######..     1%          2    None
 Slow                     Hex            ######..     1%          2    None
 Throw Frost              Conj/Ice       ######       1%          2    None
 Call Canine Familiar     Summ           ######..     1%          3    None
 Dazzling Spray           Conj/Hex       ######       1%          3    None
 Inner Flame              Hex/Fire       ######..     1%          3    None
 Recall                   Summ/Tloc      N/A          1%          3    None
 Summon Guardian Golem    Hex/Summ       ######..     1%          3    None
 Force Lance              Conj/Tloc      #######.     1%          4    None
 Fulminant Prism          Conj/Hex       #######...   1%          4    None
 Petrify                  Tmut/Erth      ######..     1%          4    None
 Summon Lightning Spire   Summ/Air       ######..     1%          4    None
 Throw Icicle             Conj/Ice       ######..     1%          4    None
 Fireball                 Conj/Fire      #######...   1%          5    None
 Iskenderun's Battlesphe  Conj/Chrm      ######..     1%          5    None
 Lee's Rapid Deconstruct  Erth           #######...   1%          5    None
 Venom Bolt               Conj/Pois      #######...   1%          5    None
 Ozocubu's Armour         Chrm/Ice       ####....     3%          3    None
 Yara's Violent Unravell  Hex/Tmut       #####.....   3%          5    None
 Summon Ice Beast         Ice/Summ       #####...     4%          4    None
 Aura of Abjuration       Summ           ######....   4%          5    None
 Summon Demon             Summ           ######....   4%          5    None
 Summon Forest            Summ/Tloc      ######....   4%          5    None
 Summon Mana Viper        Hex/Summ       ######..     4%          5    None
 Spellforged Servitor     Conj/Summ      #######...   4%          7    ###....
 Silence                  Hex/Air        ######....   5%          5    None
 Shadow Creatures         Summ           N/A          24%         6    None
 Deflect Missiles         Chrm/Air       #####.....   63%         6    None
 Discord                  Hex            ######....   100%        8    #####..


Dungeon Overview and Level Annotations

Branches:
Dungeon (15/15)            Temple (1/1) D:4            Lair (6/6) D:11
  Swamp (4/4) Lair:3       Spider (4/4) Lair:2        Slime (0/5) Lair:5
    Orc (2/2) D:11            Elf (1/3) Orc:2        Vaults (4/5) D:14
 Depths (1/5) D:15
  Crypt: Vaults:2-3

Altars:
Ashenzari
Cheibriados
Elyvilon
Fedhas
Okawaru
Qazlal
Sif Muna
Uskayaw
Vehumet
Wu Jian
Yredelemnul
Zin

Shops:
D:11 *%%(   D:12 :   D:14 %   Orc:2 [[?(

Annotations:
D:10 2 transporters
D:12 1 runed translucent door
Lair:2 exclusion: oklob plant
Lair:3 2 transporters, ShadedKnight's ghost, journeyman DETm
Swamp:2 1 runed translucent door, Uvamp's ghost, adept DsMo
Orc:1 1 runed translucent door, arcanemastermind's ghost, journeyman DEFE
Vaults:1 3 runed translucent doors
Vaults:2 Jory


Innate Abilities, Weirdness & Mutations

You are resistant to torment.
Your stone body is resilient. (AC +14)
You are immune to poison.
Your large and strong wings let you fly indefinitely.
You resist negative energy. (rN+)
You are resistant to electric shocks. (rElec)
You can survive without breathing.
You are immune to petrification.
You are immune to rotting.


Message History

Press: ? - help, Shift-Dir - straight line, f - deep elf archer
Aim: a deep elf archer, wielding a +3 shortbow and wearing a +0 leather armour (repelling missiles)
The bolt of magma misses the deep elf archer.
The deep elf archer gestures at you while chanting.
You feel yourself slow down.
Press: ? - help, v - describe, . - travel The floor.
As you open the door, it creaks loudly!
The deep elf archer blinks!
Jory says, "Priests don't scare me."
Jory misses you. Jory bites you but does no damage.
There is an open door here.
The deep elf archer shoots an arrow.
The arrow hits you!
Jory hits you with a +2 battleaxe of freezing!!
Jory freezes you. Jory bites you but does no damage.
The deep elf archer shoots an arrow.
The arrow hits you.
You see here 2 arrows.
Jory gestures at you while chanting. The crystal spear hits you!!
You die...

#####+##........ ...^
#)....... ......
#)######## ..>...
#(#......#
......#(#......#
#.......#(#......#
#.......#V#..<...# ..
.......#.#......#
..#########e#..@...#
..........pp#..(...#..#
............#..V...#..#
..........)#......#..#
#......).#'######..#
#..e.....).........#
#.....≈≈)≈.........#
#..⌠...≈≈≈≈≈.......#
#....⌠e.∩≈≈≈≈[.....#


You could see Jory.

Vanquished Creatures
  Arachne (Spider:2)
  A lich (Vaults:1)
  Kirke (D:11)
  Agnes (Spider:1)
  2 thorn hunters
  A tengu reaver (Vaults:1)
  Donald (Spider:2)
  3 ghost moths (Spider:4)
  9 vault wardens
  A ghoul (Vaults:1)
  8 emperor scorpions
  2 stone giants (Vaults:3)
  An ironheart preserver (Vaults:1)
  4 entropy weavers
  Azrael (D:12)
  Nessos (D:14)
  A great orb of eyes (Vaults:1)
  2 yaktaur captains (Vaults:1)
  2 fire dragons
  An ice dragon (Vaults:1)
  Erolcha (D:9)
  22 hydras
  A catoblepas (Lair:6)
  2 dancing weapons (D:14)
  2 ghost crabs (Swamp:3)
  2 death knights
  2 shambling mangroves (Swamp:4)
  A centaur warrior (Vaults:1)
  12 alligators
  7 ogre magi
  41 two-headed ogres
  An orc high priest (Orc:1)
  12 skeletal warriors
  2 unseen horrors
  A deep troll (Vaults:3)
  A spriggan druid (Swamp:3)
  13 swamp dragons
  4 wizards
  3 phantasmal warriors
  4 deep elf archers (Vaults:1)
  A flayed ghost (Vaults:2)
  2 glowing orange brains
  3 lindwurms (Swamp:4)
  A necromancer (Vaults:1)
  5 ironbrand convokers
  2 cyclopes
  18 ugly things
  3 deep elf magi
  7 orc knights
  20 orb spiders
  2 orc sorcerers
  34 wolf spiders
  A cyclops (shapeshifter) (D:15)
  3 manticores
  17 elephants
  Maurice (D:9)
  Joseph (Lair:1)
  2 centaur zombies
  A naga mage (Vaults:1)
  4 black mambas
  4 vault sentinels
  3 gargoyles
  A torpor snail (Spider:4)
  29 spiny frogs
  3 centaur skeletons
  A komodo dragon (shapeshifter) (D:15)
  6 demonic crawlers
  5 rime drakes
  16 yaktaurs
  12 komodo dragons
  A queen bee (shapeshifter) (D:15)
  A rime drake (shapeshifter) (D:15)
  3 tengu conjurers
  5 trolls
  3 freezing wraiths
  A wind drake (shapeshifter) (D:15)
  A queen bee (D:10)
  10 polar bears
  9 tyrant leeches
  33 slime creatures
  22 jumping spiders
  A raiju (Lair:6)
  3 blink frogs (Swamp:3)
  17 hornets
  9 bog bodies
  3 hippogriffs
  A shadow (D:15)
  6 spriggans
  A tarantella (shapeshifter) (D:15)
  69 redbacks
  28 tarantellas
  16 yaks
  4 wyverns
  5 basilisks
  7 hogs
  A wraith (D:14)
  A human (D:7)
  14 vampire mosquitoes
  A fire elemental (D:12)
  2 steam dragons (Lair:6)
  A hungry ghost (D:11)
  20 swamp worms
  Edmund (D:5)
  12 wargs
  3 acid dragons
  A soldier ant (D:10)
  9 insubstantial wisps (Swamp:2)
  7 water moccasins
  8 porcupines
  18 hell hounds
  17 swamp drakes
  23 orc warriors
  3 sky beasts
  4 ice beasts
  3 phantoms
  An eye of draining (shapeshifter) (Vaults:1)
  4 boggarts (Vaults:1)
  39 ogres
  13 black bears
  16 wolves
  12 crocodiles
  A centaur (D:5)
  5 big kobolds
  A wyvern zombie (D:13)
  14 bullfrogs
  A water moccasin zombie (D:9)
  A gnoll sergeant (D:6)
  A hornet simulacrum (D:15)
  7 scorpions
  23 killer bees
  3 wights (D:8)
  4 electric eels
  6 howler monkeys
  9 crimson imps
  2 quasits
  2 bullfrog zombies
  4 hounds
  5 jellies
  2 bullfrog skeletons
  14 orc priests
  3 iguanas
  30 orc wizards
  6 worker ants
  A hound skeleton (D:4)
  Robin (D:4)
  A worker ant zombie (D:10)
  11 gnolls
  9 adders
  A howler monkey skeleton (D:7)
  5 shadow imps
  5 oozes
  An adder zombie (D:6)
  2 worms
  2 dart slugs (D:2)
  6 leopard geckos
  114 orcs
  10 bats
  7 giant cockroaches
  12 goblins
  7 hobgoblins
  9 jackals
  2 quokkas
  A ball python (D:2)
  4 frilled lizards
  29 kobolds
  A quokka skeleton (D:4)
  8 rats
  A briar patch (Swamp:4)
  A plant (Lair:6)
1274 creatures vanquished.

Vanquished Creatures (collateral kills)
  A killer bee (D:8)
  2 wights (D:8)
  2 crimson imps
  A hound (D:10)
6 creatures vanquished.

Vanquished Creatures (others)
  A human (D:12)
  A warg (Vaults:2)
  An orc wizard (D:12)
  A briar patch (Swamp:4)
  20 fungi
  27 plants
51 creatures vanquished.

Grand Total: 1331 creatures vanquished

Notes
Turn   | Place    | Note
-------+----------+-------------------------------------------
     0 | D:1      | Vizamar the Gargoyle Earth Elementalist began the quest for
                  | the Orb.
     0 | D:1      | Reached XP level 1. HP: 10/10 MP: 3/3
   349 | D:1      | Reached XP level 2. HP: 15/15 MP: 1/5
  1001 | D:2      | Reached XP level 3. HP: 19/19 MP: 0/6
  1059 | D:2      | Learned a level 3 spell: Stone Arrow
  1603 | D:2      | Reached XP level 4. HP: 24/24 MP: 3/8
  2294 | D:3      | Reached skill level 3 in Spellcasting
  2380 | D:3      | Reached XP level 5. HP: 24/28 MP: 5/9
  2687 | D:3      | Reached skill level 5 in Earth Magic
  2857 | D:3      | Reached skill level 1 in Conjurations
  3076 | D:3      | Reached XP level 6. HP: 32/32 MP: 9/11
  3411 | D:3      | Found a deep blue altar of Sif Muna.
  3958 | D:4      | Reached skill level 4 in Spellcasting
  4042 | D:4      | Reached skill level 1 in Maces & Flails
  4137 | D:4      | Identified the +1 robe of Midnight {+Blink +Inv SInv
                  | Stlth-}
  4137 | D:4      | Noticed Robin
  4146 | D:4      | Killed Robin
  4358 | D:4      | Reached XP level 7. HP: 29/36 MP: 5/14
  4735 | D:4      | Found a staircase to the Ecumenical Temple.
  4744 | Temple   | Entered the Ecumenical Temple
  4751 | Temple   | Became a worshipper of Vehumet
  4988 | D:5      | Entered Level 5 of the Dungeon
  5189 | D:5      | Reached skill level 1 in Shields
  5189 | D:5      | Reached skill level 5 in Spellcasting
  5353 | D:5      | Got a brightly glowing chain mail
  5354 | D:5      | Identified the cursed +0 chain mail of the Doldrums {-Cast
                  | rC+ MR+} (You found it on level 5 of the Dungeon)
  5525 | D:5      | Found a snail-covered altar of Cheibriados.
  5528 | D:5      | Found a glowing silver altar of Zin.
  5531 | D:5      | Found an iron altar of Okawaru.
  6337 | D:6      | Reached XP level 8. HP: 42/42 MP: 10/16
  6421 | D:6      | Got a bronze ring mail
  6422 | D:6      | Identified the cursed +1 ring mail of Hofioducs {rPois rC+
                  | Dex+2} (You found it on level 6 of the Dungeon)
  6881 | D:6      | Noticed Edmund
  6931 | D:5      | Killed Edmund
  7029 | D:5      | Learned a level 2 spell: Blink
  7033 | D:5      | Learned a level 3 spell: Mephitic Cloud
  7391 | D:6      | Reached skill level 6 in Spellcasting
  7866 | D:7      | Found a basalt altar of Yredelemnul.
  7986 | D:7      | Learned a level 2 spell: Call Imp
  8044 | D:7      | Reached XP level 9. HP: 46/46 MP: 11/18
  8046 | D:7      | Reached * piety under Vehumet
  8046 | D:7      | Offered knowledge of Freeze by Vehumet.
  8098 | D:7      | Found an ornate altar of the Wu Jian Council.
  8098 | D:7      | Found a white marble altar of Elyvilon.
  8206 | D:6      | Reached skill level 7 in Spellcasting
  8724 | D:7      | Reached skill level 1 in Fighting
  9082 | D:6      | Reached skill level 1 in Translocations
  9461 | D:8      | Reached skill level 8 in Spellcasting
  9527 | D:8      | Reached ** piety under Vehumet
  9533 | D:8      | Offered knowledge of Shock by Vehumet.
  9585 | D:8      | Found a hide-covered altar of Uskayaw.
  9592 | D:8      | Learned a level 3 spell: Conjure Flame
  9875 | D:8      | Reached XP level 10. HP: 50/53 MP: 6/22
  9929 | D:8      | Reached skill level 1 in Poison Magic
 10105 | D:8      | Offered knowledge of Inner Flame by Vehumet.
 11215 | D:8      | Learned a level 3 spell: Conjure Flame
 11236 | D:9      | Found a shattered altar of Ashenzari.
 11236 | D:9      | Noticed Maurice
 11456 | D:9      | Noticed Erolcha
 11622 | D:9      | Noticed a two-headed ogre
 11637 | D:9      | Killed a two-headed ogre
 11637 | D:9      | Reached skill level 1 in Summonings
 11756 | D:9      | Reached *** piety under Vehumet
 11957 | D:9      | Learned a level 5 spell: Bolt of Magma
 11991 | D:9      | Found a stormy altar of Qazlal.
 12690 | D:10     | Entered Level 10 of the Dungeon
 12779 | D:10     | Noticed a catoblepas
 12790 | D:10     | Noticed a deep troll earth mage
 12799 | D:10     | Noticed a two-headed ogre
 12827 | D:10     | Found a transporter.
 12846 | D:10     | Found a transporter.
 12853 | D:10     | Noticed a gargoyle
 12929 | D:9      | Killed Maurice
 12929 | D:9      | Reached skill level 5 in Conjurations
 13471 | D:10     | Reached skill level 1 in Fire Magic
 13959 | D:10     | Reached skill level 9 in Spellcasting
 14158 | D:10     | Reached skill level 5 in Shields
 14298 | D:11     | Found Heschogism's Assorted Antiques.
 14482 | D:11     | Offered knowledge of Force Lance by Vehumet.
 14673 | D:11     | Found a staircase to the Orcish Mines.
 14673 | D:11     | Noticed a manticore
 14782 | D:11     | Reached XP level 11. HP: 41/57 MP: 15/24
 14793 | D:11     | Reached skill level 5 in Dodging
 14978 | D:11     | Found Kafereru's Food Shop.
 14997 | D:11     | Noticed a two-headed ogre
 15003 | D:11     | Killed a two-headed ogre
 15081 | D:11     | Noticed a two-headed ogre
 15604 | D:10     | Killed a two-headed ogre
 16751 | D:9      | Killed Erolcha
 17126 | D:11     | Killed a manticore
 17261 | D:11     | Reached **** piety under Vehumet
 17383 | D:11     | Offered knowledge of Bolt of Draining by Vehumet.
 17571 | D:11     | Found Ukaoch's Food Shoppe.
 17820 | D:11     | Found a staircase to the Lair.
 17849 | D:11     | Found Bungi's Antique Weapon Shoppe.
 18033 | D:11     | Reached skill level 10 in Spellcasting
 18315 | Lair:1   | Entered Level 1 of the Lair of Beasts
 18318 | Lair:1   | Noticed Joseph
 18328 | Lair:1   | Killed Joseph
 18674 | Lair:1   | Got a crude cloak
 18675 | Lair:1   | Identified the +1 cloak "Olemesh" {+Inv Int+3} (You found
                  | it on level 1 of the Lair of Beasts)
 18784 | Lair:1   | Reached XP level 12. HP: 62/62 MP: 8/26
 20153 | Lair:2   | Found a hole to the Spider Nest.
 20457 | Lair:1   | Reached skill level 10 in Earth Magic
 20855 | Lair:2   | Reached skill level 11 in Spellcasting
 21432 | Lair:3   | Found a transporter.
 21434 | Lair:3   | Reached skill level 1 in Air Magic
 21479 | Lair:3   | Found a staircase to the Swamp.
 21612 | Lair:3   | Noticed a five-headed hydra
 21620 | Lair:3   | Killed a five-headed hydra
 21844 | Lair:3   | Found a transporter.
 21852 | Lair:3   | Identified the +11 trident of Victory {antimagic, +Inv
                  | rPois}
 21852 | Lair:3   | Noticed a spriggan rider
 21880 | Lair:3   | Identified the +5 morningstar "Puoluix" {drain, rN++ Int+2}
 21880 | Lair:3   | Noticed a spriggan berserker
 21882 | Lair:3   | Noticed ShadedKnight's ghost (journeyman DETm)
 22533 | Lair:4   | Learned a level 4 spell: Sticky Flame
 22563 | Lair:4   | Noticed a six-headed hydra
 22568 | Lair:4   | Killed a six-headed hydra
 22727 | Lair:4   | Reached XP level 13. HP: 67/67 MP: 28/28
 23718 | Lair:5   | Found a staircase to the Slime Pits.
 24202 | Lair:5   | Reached skill level 12 in Spellcasting
 24236 | Lair:5   | Reached ***** piety under Vehumet
 24257 | Lair:5   | Offered knowledge of Irradiate by Vehumet.
 24529 | Lair:6   | Entered Level 6 of the Lair of Beasts
 25729 | Lair:6   | Learned a level 6 spell: Iron Shot
 26157 | Lair:6   | Gained mutation: Your large and strong wings let you fly
                  | indefinitely. [Gargoyle growth]
 26157 | Lair:6   | Reached XP level 14. HP: 72/72 MP: 30/30
 26450 | Lair:6   | Got a flickering marble ring
 26452 | Lair:6   | Identified the ring of Entrepreneurial Spirit {rC+ AC+2}
                  | (You found it on level 6 of the Lair of Beasts)
 26813 | Lair:6   | Offered knowledge of Freezing Cloud by Vehumet.
 27241 | Lair:6   | HP: 1/72 [fire dragon/blast of flame (13)]
 27798 | Lair:6   | Reached skill level 13 in Spellcasting
 28425 | Orc:1    | Entered Level 1 of the Orcish Mines
 28496 | D:11     | Bought 3 scrolls of identify for 144 gold pieces
 28496 | D:11     | Bought a leatherbound book for 360 gold pieces
 28496 | D:11     | Bought a scroll labeled PEIBRE LOXZEE for 24 gold pieces
 28496 | D:11     | Bought a scroll labeled UWULUL UNTEF for 24 gold pieces
 28497 | D:11     | Bought a thick cabochon amulet for 120 gold pieces
 28517 | D:12     | Noticed Kirke
 28571 | D:11     | Reached skill level 10 in Conjurations
 29669 | Orc:2    | Entered Level 2 of the Orcish Mines
 30005 | Swamp:1  | Entered Level 1 of the Swamp
 30258 | Swamp:1  | Reached skill level 5 in Fire Magic
 31723 | Swamp:1  | Offered knowledge of Bolt of Fire by Vehumet.
 32050 | Swamp:1  | Reached skill level 5 in Maces & Flails
 32709 | Swamp:2  | Found a runed translucent door.
 32713 | Swamp:2  | Noticed Uvamp's ghost (adept DsMo)
 32736 | Swamp:2  | Reached XP level 15. HP: 77/77 MP: 32/32
 32937 | Swamp:2  | Learned a level 3 spell: Summon Guardian Golem
 33933 | Swamp:3  | Reached skill level 14 in Spellcasting
 34113 | Swamp:3  | Got a transparent amber ring
 34174 | Swamp:3  | Reached skill level 1 in Hexes
 34204 | Swamp:3  | Identified the ring "Wioh" {Str+3 Dex+2} (You found it on
                  | level 3 of the Swamp)
 34934 | D:11     | Bought a potion of haste for 240 gold pieces
 34988 | Lair:1   | Learned a level 4 spell: Cause Fear
 34996 | Lair:1   | Learned a level 7 spell: Orb of Destruction
 35036 | Spider:1 | Entered Level 1 of the Spider Nest
 35537 | D:11     | Killed Kirke
 35857 | D:12     | Found Gunossiy's Book Shop.
 35930 | D:12     | Noticed Azrael
 37094 | Orc:2    | Reached ****** piety under Vehumet
 37201 | Orc:2    | Offered knowledge of Bolt of Cold by Vehumet.
 37506 | Orc:2    | Reached XP level 16. HP: 82/82 MP: 29/34
 37866 | Orc:2    | Found a staircase to the Elven Halls.
 37924 | Orc:2    | Found Ahoom's Antique Armour Emporium.
 37924 | Orc:2    | Found Uxkoudwo's Magic Scroll Shop.
 37924 | Orc:2    | Found Birirch's Armour Shop.
 37924 | Orc:2    | Found Reatwey's Antique Weapon Shoppe.
 37932 | Orc:2    | Bought a scroll of noise for 14 gold pieces
 37938 | Orc:2    | Bought a scroll of teleportation for 42 gold pieces
 37938 | Orc:2    | Bought a scroll of teleportation for 42 gold pieces
 38435 | Orc:1    | Found a runed translucent door.
 38444 | Orc:1    | Noticed arcanemastermind's ghost (journeyman DEFE)
 38861 | D:12     | Killed Azrael
 39058 | D:12     | Found a runed translucent door.
 39058 | D:12     | Noticed a storm dragon
 39060 | D:12     | Noticed a storm dragon
 39124 | D:13     | You fall through a shaft for 2 floors!
 39124 | D:15     | Entered Level 15 of the Dungeon
 39304 | D:14     | Noticed Nessos
 39309 | D:14     | Killed Nessos
 39554 | D:14     | Reached skill level 15 in Spellcasting
 39593 | D:14     | Found a gate to the Vaults.
 40034 | D:14     | Found Zujol's Food Shoppe.
 40185 | D:14     | Offered knowledge of Poison Arrow by Vehumet.
 40311 | D:14     | Got an opal-encrusted leather armour
 40312 | D:14     | Identified the +3 leather armour "Jiolu" {Slay+2 Stlth+}
                  | (You found it on level 14 of the Dungeon)
 40934 | D:15     | Reached skill level 1 in Unarmed Combat
 41939 | D:15     | Found a staircase to the Depths.
 41948 | Depths:1 | Entered Level 1 of the Depths
 42099 | D:13     | Identified the +3 leather armour of the Greedy {Int+2}
 43513 | Swamp:4  | Entered Level 4 of the Swamp
 43545 | Swamp:4  | Reached XP level 17. HP: 62/87 MP: 25/36
 43678 | Swamp:4  | Offered knowledge of Conjure Ball Lightning by Vehumet.
 45237 | Swamp:3  | Upgraded the game from 0.23.0-3-gf3c87f2 to
                  | 0.23.0-28-g6fe0f4d
 45793 | Swamp:4  | Reached skill level 5 in Hexes
 46039 | Swamp:4  | Got a decaying rune of Zot
 46354 | Orc:2    | Bought a scroll of acquirement for 728 gold pieces
 47058 | Spider:1 | Got a fine scimitar
 47059 | Spider:1 | Identified the cursed +0 scimitar "Lemijeit" {drain, rElec
                  | rPois Dex+2 SInv} (You found it on level 1 of the Spider
                  | Nest)
 47078 | Spider:1 | Reached skill level 16 in Spellcasting
 47547 | Spider:2 | Offered knowledge of Ozocubu's Refrigeration by Vehumet.
 47627 | Spider:2 | Noticed Agnes
 48153 | Spider:2 | Noticed Donald
 48161 | Spider:2 | Killed Donald
 48785 | Spider:1 | Killed Agnes
 49104 | Spider:2 | Noticed Arachne
 49114 | Spider:2 | Killed Arachne
 49114 | Spider:2 | Reached skill level 10 in Dodging
 49114 | Spider:2 | Reached XP level 18. HP: 70/92 MP: 7/38
 49697 | Spider:3 | Got a slimy great sword
 49704 | Spider:3 | Identified the +3 great sword "Kiapn" {elec, +Inv rPois MR-
                  | SInv} (You found it on level 3 of the Spider Nest)
 50454 | Spider:4 | Entered Level 4 of the Spider Nest
 50998 | Spider:4 | Offered knowledge of Glaciate by Vehumet.
 50998 | Spider:4 | Offered knowledge of Shatter by Vehumet.
 50998 | Spider:4 | Offered knowledge of Chain Lightning by Vehumet.
 52500 | Spider:4 | Reached skill level 5 in Summonings
 52776 | Spider:4 | Got a gossamer rune of Zot
 53392 | Orc:2    | Bought a runed scarf for 232 gold pieces
 53501 | Orc:2    | Bought a scroll of magic mapping for 49 gold pieces
 53501 | Orc:2    | Bought a scroll of magic mapping for 49 gold pieces
 53501 | Orc:2    | Bought a scroll of identify for 28 gold pieces
 53501 | Orc:2    | Bought a scroll of fear for 49 gold pieces
 53501 | Orc:2    | Bought a scroll of identify for 28 gold pieces
 53501 | Orc:2    | Bought a scroll of identify for 28 gold pieces
 53501 | Orc:2    | Bought a scroll of vulnerability for 105 gold pieces
 53518 | Elf:1    | Entered Level 1 of the Elven Halls
 53661 | Vaults:1 | Entered Level 1 of the Vaults
 53992 | Vaults:1 | Found a runed translucent gate.
 53992 | Vaults:1 | Found a runed translucent gate.
 53992 | Vaults:1 | Noticed a tentacled monstrosity
 53993 | Vaults:1 | Found a runed translucent gate.
 53993 | Vaults:1 | Noticed a tentacled monstrosity
 54652 | Vaults:1 | Reached skill level 17 in Spellcasting
 55049 | Vaults:1 | Found a radiant altar of Vehumet.
 55049 | Vaults:1 | Noticed a lich
 55053 | Vaults:1 | Killed a lich
 55053 | Vaults:1 | Reached skill level 15 in Conjurations
 55084 | Vaults:1 | Got a ripped robe
 55095 | Vaults:1 | Identified the +1 robe of Vlad {rPois rN+} (You found it on
                  | level 1 of the Vaults)
 55190 | Vaults:1 | Identified the +1 robe of Untruth {Str+2}
 55328 | Vaults:1 | Reached XP level 19. HP: 88/96 MP: 32/40
 56643 | Vaults:1 | Reached skill level 5 in Translocations
 56765 | Vaults:1 | Reached skill level 15 in Earth Magic
 57283 | Vaults:1 | Upgraded the game from 0.23.0-28-g6fe0f4d to
                  | 0.23.0-33-g5e6c059
 57808 | Vaults:2 | You fall through a shaft for 2 floors!
 58510 | Vaults:2 | Found a flickering gateway to a bazaar.
 58539 | Bazaar   | Entered a bazaar
 58602 | Bazaar   | Found Halaadad's Armour Shoppe.
 58623 | Bazaar   | Found Gesmis's Antique Weapon Emporium.
 58644 | Bazaar   | Found Dusar's Gadget Shoppe.
 58644 | Bazaar   | Found Kuubav's Magic Scroll Emporium.
 58674 | Bazaar   | Bought a scroll of identify for 22 gold pieces
 58674 | Bazaar   | Bought a scroll of identify for 22 gold pieces
 58674 | Bazaar   | Bought a scroll of magic mapping for 38 gold pieces
 58674 | Bazaar   | Bought a scroll of torment for 82 gold pieces
 58674 | Bazaar   | Bought a scroll of enchant weapon for 82 gold pieces
 58674 | Bazaar   | Bought a scroll of vulnerability for 82 gold pieces
 58674 | Bazaar   | Bought a scroll of teleportation for 33 gold pieces
 58674 | Bazaar   | Bought a scroll of teleportation for 33 gold pieces
 58674 | Bazaar   | Bought a scroll of identify for 22 gold pieces
 58674 | Bazaar   | Bought a scroll of immolation for 38 gold pieces
 58674 | Bazaar   | Bought a scroll of magic mapping for 38 gold pieces
 58674 | Bazaar   | Bought a scroll of teleportation for 33 gold pieces
 58674 | Bazaar   | Bought a scroll of brand weapon for 220 gold pieces
 58679 | Bazaar   | Bought a scroll of blinking for 82 gold pieces
 58736 | Vaults:2 | Got a pair of faintly glowing boots
 58737 | Vaults:2 | Identified the +2 pair of boots "Umonlofu" {rN+ rCorr
                  | Dex+2} (You found it on level 2 of the Vaults)
 58821 | Vaults:2 | Noticed Jory
 58834 | Vaults:2 | Killed from afar by Jory

Skill      XL: |  1  2  3  4  5  6  7  8  9 10 11 12 13 14 15 16 17 18 19 |
---------------+----------------------------------------------------------+-----
Earth Magic    | 4 5 7 8 9 10 11 12 13 14 15 | 15.2
Dodging        | 2 3 4 5 6 7 8 9 10 | 10.9
Spellcasting   | 3 4 5 6 8 9 10 11 12 13 14 15 16 17 | 17.7
Conjurations   | 1 2 3 4 5 7 8 9 10 11 12 14 15 16 | 16.0
Maces & Flails | 1 2 3 4 5 6 |  6.3
Shields        | 1 3 4 5 6 |  6.6
Stealth        | 3 4 |  4.7
Fighting       | 1 2 3 |  3.8
Translocations | 1 3 4 5 |  5.4
Poison Magic   | 2 3 |  3.6
Summonings     | 1 2 3 4 5 |  5.2
Fire Magic     | 1 3 4 5 6 7 8 9 |  9.0
Air Magic      | 1 3 4 |  4.3
Hexes          | 2 4 5 |  5.0
Unarmed Combat | 3 |  3.0
Axes           | |  0.5
Transmutations | |  0.7
Evocations     | |  0.4

Action                   |  1- 3 |  4- 6 |  7- 9 | 10-12 | 13-15 | 16-18 | 19-21 || total
-------------------------+-------+-------+-------+-------+-------+-------+-------++-------
Melee: Hand axe          |    36 |    16 |       |       |       |       |       ||    52
       Flail             |       |    33 |    84 |   172 |   157 |   111 |    25 ||   582
       Unarmed           |       |       |       |       |    11 |       |       ||    11
 Cast: Sandblast         |    31 |    58 |   175 |   119 |    62 |       |       ||   445
       Stone Arrow       |       |    14 |    43 |   220 |   573 |   231 |       ||  1081
       Blink             |       |       |    20 |    19 |    20 |    27 |    13 ||    99
       Call Imp          |       |       |    15 |    22 |     1 |       |       ||    38
       Mephitic Cloud    |       |       |     1 |    22 |    41 |    31 |    12 ||   107
       Bolt of Magma     |       |       |       |    55 |   157 |   606 |   219 ||  1037
       Conjure Flame     |       |       |       |     6 |     1 |     1 |       ||     8
       Iron Shot         |       |       |       |       |    38 |    77 |    27 ||   142
       Sticky Flame      |       |       |       |       |     5 |     3 |       ||     8
       Summon Guardian G |       |       |       |       |     9 |       |       ||     9
       Cause Fear        |       |       |       |       |     3 |     1 |       ||     4
       Orb of Destructio |       |       |       |       |       |       |     1 ||     1
 Abil: Fly               |       |       |       |       |     2 |     1 |       ||     3
       Stop Flying       |       |       |       |       |     2 |     1 |       ||     3
Evoke: Wand              |       |       |     1 |     1 |     1 |     5 |       ||     8
  Use: Scroll            |     6 |     4 |     8 |    11 |    14 |    23 |     2 ||    68
       Potion            |       |       |     3 |     1 |     9 |    14 |     5 ||    32
 Stab: Sleeping          |     1 |       |       |       |       |       |       ||     1
       Confused          |       |       |       |     2 |     2 |       |       ||     4
  Eat: Chunk             |     3 |     7 |     9 |    13 |    24 |    14 |     2 ||    72
       Ration            |       |     1 |     3 |    10 |    10 |    13 |     3 ||    40
Armor: Robe              |    17 |    25 |    47 |   146 |   257 |   349 |    43 ||   884
Dodge: Dodged            |    29 |    38 |   103 |   250 |   423 |   499 |    68 ||  1410
Block: Buckler           |       |     6 |    61 |   122 |   200 |   168 |    39 ||   596
